AoeStats
← 騷護士

Nomad

509886419Analyzed
4v4 RM · 5d ago on Sep 28, 2026· 41m 41s· 8 players
Game mode
Random Map
Map size
231×231
Population
200
Speed
Normal
Resources
Standard
Victory
Conquest
Starting age
Dark Age
Ending age
Imperial Age
RankedLock teamsTeams togetherTeam positionsShared explorationLock speedFull tech treeHidden civsTurbo modeCheats
Victory
Defeat
🇹🇼 Danes · Taiwan
1551
+13
🇸🇬 Dravidians · Singapore
1438
+17
🇭🇰 Byzantines · Hong Kong SAR China
1418
+18
🇦🇺 Koreans · Australia
1412
+18
🇹🇼 Koreans · Taiwan
1596
-21
🇹🇼 Spanish · Taiwan
1533
-19
🇹🇼 Mongols · Taiwan
1518
-19
🇹🇼 Khmer · Taiwan
1217
-7
anirone7589
11:52 Feudal Age
12:21 Double-Bit Axe
15:15 Loom
16:20 Fishing Lines
20:14 Castle Age
27:51 Town Watch
31:36 Wheelbarrow
30:52 Horse Collar
31:04 Gold Mining
37:20 Imperial Age
36:29 Fletching
37:48 Bodkin Arrow
39:18 Chemistry
38:29 Masonry
39:07 Bracer
39:33 Thumb Ring
40:14 Elite Elephant Archer
kinwaleung18
14:02 Feudal Age
14:11 Loom
19:31 Castle Age
21:21 Scale Barding Armor
22:08 Husbandry
22:56 Double-Bit Axe
24:30 Wheelbarrow
27:20 Horse Collar
29:15 Stone Mining
29:17 Gold Mining
33:59 Fletching
38:34 Imperial Age
37:02 Bow Saw
37:55 Bodkin Arrow
40:03 Chain Barding Armor
39:54 Forging
40:48 Two-Man Saw
40:21 Elite Cataphract
騷護士
3:02 Loom
12:44 Feudal Age
17:00 Castle Age
16:47 Forging
17:57 Scale Mail Armor
20:03 Iron Casting
25:49 Chain Mail Armor
25:50 Hamask
27:26 Horse Collar
36:20 Arson
36:21 Gambesons
39:09 Heavy Plow
40:11 Wheelbarrow
39:26 Double-Bit Axe
42:50 Imperial Age
NØRTHLANE
4:57 Loom
13:06 Feudal Age
17:16 Castle Age
16:24 Double-Bit Axe
17:48 Fletching
18:13 Bow Saw
19:12 Bodkin Arrow
20:49 Scale Barding Armor
28:12 Wheelbarrow
32:36 Gold Mining
37:24 Imperial Age
36:25 Horse Collar
37:48 Stone Mining
38:44 Bracer
38:34 Town Watch
41:37 Stone Shaft Mining
41:38 Gold Shaft Mining
42:08 Conscription
42:07 Husbandry
nicebro
4:07 Loom
14:31 Feudal Age
19:35 Castle Age
17:34 Horse Collar
18:12 Town Watch
19:19 Gold Mining
19:20 Double-Bit Axe
20:23 Bloodlines
22:01 Husbandry
27:55 Stone Mining
30:38 Fletching
33:35 Fishing Lines
34:08 Gillnets
NyxXX
4:23 Loom
13:03 Feudal Age
16:30 Castle Age
15:14 Double-Bit Axe
16:29 Padded Archer Armor
25:21 Horse Collar
32:34 Fletching
34:22 Wheelbarrow
33:33 Town Watch
35:10 Town Watch
40:13 Town Watch
42:11 Hand Cart
kuim
4:03 Loom
6:52 Loom
12:25 Feudal Age
16:17 Castle Age
16:23 Light Cavalry
greatsurferTW
10:51 Loom
13:27 Feudal Age
17:14 Castle Age
25:44 Double-Bit Axe
29:54 Fletching
34:38 Imperial Age
33:21 Scale Mail Armor
35:16 Bodkin Arrow
36:47 Forging
40:02 Chain Mail Armor
39:53 Squires
Connection lost

Rejoining the realm…

Still unreachable

The connection could not be restored.

Session expired

The server has moved on; the page needs a fresh start.